 Dungeon Crawl Stone Soup version 0.22-a0-542-gce4f928 (webtiles) character file.

114 Hebeh the Shield-Bearer (level 4, 0/41 HPs)
             Began as a Minotaur Fighter on June 24, 2018.
             Slain by Sigmund
             ... wielding a +0 scythe
              (12 damage)
             ... on level 2 of the Dungeon.
             The game lasted 00:01:56 (1243 turns).

Hebeh the Shield-Bearer (Minotaur Fighter)          Turns: 1243, Time: 00:01:57

Health: 0/41       AC:  7    Str: 22    XL:     4   Next: 67%
Magic:  3/3        EV:  7    Int:  5    God:
Gold:   48         SH:  9    Dex:  9    Spells: 3/3 levels left

rFire    . . .     SeeInvis .   a - +0 war axe
rCold    . . .     Gourm    .   c - +0 shield
rNeg     . . .     Faith    .   b - +0 scale mail
rPois    .         Spirit   .   (helmet restricted)
rElec    .         Reflect  .   (no cloak)
rCorr    .         Harm     .   (no gloves)
MR       .....                  (no boots)
Stlth    ..........             (no amulet)
HPRegen  0.13/turn              (no ring)
MPRegen  0.08/turn              (no ring)

@: no status effects
A: retaliatory headbutt, horns 2
a: no special abilities


You were on level 2 of the Dungeon.
You were not hungry.

You visited 1 branch of the dungeon, and saw 2 of its levels.

You collected 48 gold pieces.

Inventory:

Hand Weapons
 a - a +0 war axe (weapon)
Armour
 b - a +0 scale mail (worn)
 c - a +0 shield (worn)
Scrolls
 e - 3 scrolls of identify {unknown}
Potions
 d - 2 potions of might
 h - a potion of degeneration {unknown}
 i - a potion of flight {unknown}
Comestibles
 f - 3 rations


   Skills:
 + Level 4.3 Fighting
 * Level 4.2 Axes
 + Level 4.3 Armour
 + Level 4.4 Shields


You had 3 spell levels left.
You didn't know any spells.
Your spell library was empty.

Dungeon Overview and Level Annotations

Branches:
Dungeon (2/15)

Altars:

Annotations:
D:2 Sigmund


Innate Abilities, Weirdness & Mutations

You reflexively headbutt those who attack you in melee.
You have a pair of horns on your head.


Message History

Deactivating autopickup; reactivate with Ctrl-A.
The adder bites you but does no damage. You block the adder's attack.
Something hits you!
Things that are here:
a bat corpse; a worm corpse You block the adder's attack.
You hit something but do no damage. You closely miss the adder.
The adder bites you but does no damage. Something hits you!
The adder closely misses you. You furiously retaliate!
You headbutt the adder, but do no damage.
Your scale mail prevents you from hitting something.
You miss the adder. The adder bites you but does no damage.
You block something's attack. The adder bites you.
Your shield and scale mail prevent you from hitting something.
You miss the adder. The adder bites you but does no damage.
Something hits you but does no damage. The adder bites you.
* * * LOW HITPOINT WARNING * * *
You miss something. Your headbutt misses something. You closely miss the adder.
You block the adder's attack. Something hits you!
You die...

....... .......## .........
........# .........
........# .......{#
.......@# ......S†#
#########)####
#............#
#.##......[..########
#.....).............#
##########..........######.#
.........#.#######'##...(#.#
.#######.#.# #.##.##.#)#


You could see an adder.

Vanquished Creatures
  Terence (D:2)
  Natasha (twice) (D:2)
  A worm (D:2)
  2 dart slugs (D:2)
  An orc (D:2)
  4 bats
  2 giant cockroaches (D:1)
  3 goblins
  7 hobgoblins
  2 kobolds (D:1)
  A frilled lizard (D:2)
  7 rats
33 creatures vanquished.

Notes
Turn   | Place    | Note
-------+----------+-------------------------------------------
     0 | D:1      | Hebeh the Minotaur Fighter began the quest for the Orb.
     0 | D:1      | Reached XP level 1. HP: 19/19 MP: 0/0
   224 | D:1      | Reached XP level 2. HP: 27/27 MP: 1/1
   875 | D:2      | Reached XP level 3. HP: 33/33 MP: 2/2
  1021 | D:2      | Noticed Natasha
  1024 | D:2      | Killed Natasha
  1207 | D:2      | Noticed Natasha
  1208 | D:2      | Noticed Terence
  1213 | D:2      | Killed Natasha
  1213 | D:2      | Reached XP level 4. HP: 36/40 MP: 3/3
  1224 | D:2      | Killed Terence
  1233 | D:2      | Noticed Sigmund
  1243 | D:2      | Slain by Sigmund

Vault maps used:
D:1:      scummos_arrival_gate
D:2:      uniq_natasha, uniq_terence, uniq_sigmund

Skill      XL: |  1  2  3  4 |
---------------+-------------+-----
Axes           | 3 4 |  4.2
Fighting       | 4 |  4.3
Armour         | 4 |  4.3
Shields        | 4 |  4.4

Action                   |  1- 3 |  4- 6 || total
-------------------------+-------+-------++-------
Melee: War axe           |    77 |    27 ||   104
       Headbutt          |     5 |     2 ||     7
  Eat: Chunk             |     1 |       ||     1
Armor: Scale mail        |    34 |    19 ||    53
Dodge: Dodged            |    20 |     8 ||    28
Block: Shield            |    32 |    19 ||    51

Table legend:
 A = Spawn XP
 B = Non-spawn XP
 C = Spawn XP percentage of total XP
 D = Spawn monster count
 E = Non-spawn monster count
 F = Spawn count percentage of total count
 G = Total turns spent on level
                    A         B        C        D         E        F      G
               +---------+---------+-------+---------+---------+-------+---------
         Total |       0 |     164 |   0.0 |       0 |      33 |   0.0 |  1243
               +---------+---------+-------+---------+---------+-------+---------
           D:1 |       0 |      28 |   0.0 |       0 |      17 |   0.0 |   673
           D:2 |       0 |     136 |   0.0 |       0 |      16 |   0.0 |   570
               +---------+---------+-------+---------+---------+-------+---------
